 Dungeon Crawl Stone Soup version 0.23.2-1-ga50397a6bc (webtiles) character file.

Game seed: 9256037130092578525

105 Divind the Chopper (level 4, -1/41 HPs)
             Began as a Hill Orc Monk on Apr 22, 2019.
             Slain by a river rat (5 damage)
             ... on level 3 of the Dungeon.
             The game lasted 00:13:03 (2067 turns).

Divind the Chopper (Hill Orc Monk)                  Turns: 2067, Time: 00:13:04

Health: -1/41      AC:  7    Str: 14    XL:     4   Next: 81%
Magic:  4/4        EV:  9    Int: 10    God:
Gold:   146        SH:  3    Dex: 13    Spells: 3/3 levels left

rFire    . . .     SeeInvis .   a - +0 hand axe
rCold    . . .     Gourm    .   i - +0 buckler
rNeg     + . .     Faith    .   p - +0 scale mail
rPois    .         Spirit   .   (no helmet)
rElec    .         Reflect  .   (no cloak)
rCorr    .         Harm     .   d - +0 pair of gloves
MR       .....                  (no boots)
Stlth    +.........             (no amulet)
HPRegen  0.13/turn              g - ring of positive energy (curse)
MPRegen  0.09/turn              h - ring of stealth

@: very slow
A: no striking features
a: no special abilities


You were on level 3 of the Dungeon.
You were hungry.

You visited 1 branch of the dungeon, and saw 3 of its levels.

You collected 146 gold pieces.

Inventory:

Hand Weapons
 a - a +0 hand axe (weapon)
Armour
 b - a +0 robe
 d - a +0 pair of gloves (worn)
 i - a +0 buckler (worn)
 k - a +0 leather armour
 p - a +0 scale mail (worn)
Jewellery
 g - a cursed ring of positive energy (left hand)
 h - a ring of stealth (right hand)
 j - an uncursed ring of stealth
Scrolls
 e - 4 scrolls of identify
 l - a scroll of remove curse {unknown}
 n - a scroll of amnesia {unknown}
 q - a scroll of noise {unknown}
Potions
 f - 2 potions of magic
 m - a potion of heal wounds {unknown}
 o - a potion of might {unknown}
Comestibles
 c - 6 rations


   Skills:
 + Level 4.4 Fighting
 + Level 5.6 Axes
 + Level 0.5 Armour
 + Level 3.0 Dodging
 - Level 1.7 Stealth
 + Level 0.2 Shields


You had 3 spell levels left.
You didn't know any spells.
Your spell library was empty.

Dungeon Overview and Level Annotations

Branches:
Dungeon (3/15)

Altars:
Okawaru
Qazlal
Sif Muna

Portals:
Sewer: D:3


Message History

The ball python constricts you.
The river rat bites you but does no damage.
You hit the ball python.
You kill the ball python!
You closely miss the river rat. The river rat closely misses you.
The river rat bites you.
* * * LOW HITPOINT WARNING * * *
There is an open door, spattered with blood here.
Things that are here:
a rat corpse x2
You enter the shallow water.
Moving in this stuff is going to be slow.
Your unstable footing causes you to fumble your attack.
The river rat bites you.
* * * LOW HITPOINT WARNING * * *
The river rat bites you but does no damage.
You barely miss the river rat.
The river rat is heavily wounded.
The river rat bites you.
You die...

#....... #####.......
#####...........
................
######........†......
#≈≈≈≈#.#.............
#.#≈≈≈≈#.#......####...
#.#≈∩≈≈#†#............. #
#.#≈≈≈@r.#......###.... #.
#.#≈≈≈≈#†#......###....
###.###.######...............
#..........†.................
.?.........†..##......#..##..
#........#########.....##
#.......##...#...##.####
#......##.........#.#
#.....[#_........†..#


You could see a river rat.

Vanquished Creatures
  A gnoll (D:1)
  3 adders
  An ooze (D:1)
  A worm (D:2)
  2 dart slugs
  4 ball pythons
  A giant cockroach (D:1)
  9 goblins
  4 hobgoblins
  7 jackals
  7 bats
  2 frilled lizards
  8 kobolds
  8 rats
58 creatures vanquished.

Notes
Turn   | Place    | Note
-------+----------+-------------------------------------------
     0 | D:1      | Divind the Hill Orc Monk began the quest for the Orb.
     0 | D:1      | Reached XP level 1. HP: 19/19 MP: 1/1
   137 | D:1      | Reached XP level 2. HP: 4/27 MP: 2/2
   610 | D:1      | Reached XP level 3. HP: 30/33 MP: 3/3
   750 | D:1      | Reached skill level 5 in Axes
  1329 | D:2      | Found a stormy altar of Qazlal.
  1383 | D:2      | Reached XP level 4. HP: 40/40 MP: 4/4
  1587 | D:2      | Found a deep blue altar of Sif Muna.
  1978 | D:3      | Found an iron altar of Okawaru.
  2001 | D:3      | Found a glowing drain.
  2067 | D:3      | Slain by a river rat

Skill      XL: |  1  2  3  4 |
---------------+-------------+-----
Fighting       | 4 |  4.4
Axes           | 5 |  5.6
Dodging        | 3 |  3.0
Armour         | |  0.5
Stealth        | |  1.7
Shields        | |  0.2

Action                   |  1- 3 |  4- 6 || total
-------------------------+-------+-------++-------
Melee: Hand axe          |   140 |    79 ||   219
  Use: Scroll            |     2 |       ||     2
 Stab: Sleeping          |     4 |     2 ||     6
  Eat: Ration            |     1 |       ||     1
Armor: Robe              |    24 |       ||    24
       Leather armour    |    14 |     9 ||    23
       Scale mail        |       |    24 ||    24
Dodge: Dodged            |   127 |    37 ||   164
Block: Buckler           |     4 |    13 ||    17
